 Dungeon Crawl Stone Soup version 0.17-a0-1949-g1acca9a (webtiles) character file.

1052 Kusio the Basher (level 8, -9/78 HPs)
             Began as an Ogre Berserker on Oct 2, 2015.
             Was a Priest of Trog.
             Shot with an arrow by a centaur (11 damage)
             ... on level 5 of the Dungeon.
             The game lasted 00:13:02 (4185 turns).

Kusio the Basher (Ogre Berserker)                   Turns: 4185, Time: 00:13:03

Health: -9/78      AC:  3    Str: 23    XL:     8   Next: 26%
Magic:  8/8        EV: 10    Int:  4    God:    Trog [***...]
Gold:   205        SH:  0    Dex: 11    Spells: 0 memorised, 7 levels left

rFire  . . .     SeeInvis .     a - +0 mace
rCold  . . .     Clarity  .     b - +0 animal skin
rNeg   . . .     SustAt   .     (no shield)
rPois  .         Gourm    .     (helmet restricted)
rElec  +         Spirit   .     (no cloak)
rCorr  .         Warding  .     (gloves unavailable)
rMut   .         Stasis   .     (boots unavailable)
MR     .....                    (no amulet)
Stlth  +.........               (no ring)
                                (no ring)

@: exhausted, slowed, very slow, not resistant to hostile enchantments, very
unstealthy
A: unfitting armour, dopey 1, electricity resistance, tough skin 1, wild magic 1
a: Burn Spellbooks, Berserk, Trog's Hand, Renounce Religion


You were on level 5 of the Dungeon.
You worshipped Trog.
Trog was most pleased with you.
You were hungry.

You visited 1 branch of the dungeon, and saw 5 of its levels.

You collected 205 gold pieces.

Inventory:

Hand weapons
 a - a +0 mace (weapon)
 e - a +0 blowgun
 q - a +0 giant club
Missiles
 m - 5 poisoned needles
Armour
 b - a +0 animal skin (worn)
Magical devices
 t - a wand of magic darts (30)
Scrolls
 d - 5 scrolls of identify
 f - a scroll of noise {unknown}
 g - 3 scrolls of magic mapping
 h - 2 scrolls of remove curse
 i - 2 scrolls of amnesia
 k - 2 scrolls of fog {unknown}
 v - 2 scrolls of teleportation {unknown}
Potions
 l - a potion of lignification {unknown}
 n - a potion of might
 p - a potion of invisibility
 s - a potion of curing {unknown}
 w - a potion of degeneration {unknown}
Comestibles
 c - 4 bread rations
 j - 6 meat rations
 o - 3 beef jerkies
 u - 7 chunks of flesh


   Skills:
 - Level 4.0 Fighting
 + Level 12.5 Maces & Flails
 - Level 2.6 Dodging


You had 7 spell levels left.
You didn't know any spells.

Dungeon Overview and Level Annotations

Branches:
Dungeon (5/15)
 Temple: D:4-7

Altars:
Ashenzari
Fedhas
Gozag
Okawaru
Ru

Shops:
D:4 =

Annotations:
D:5 Pikel


Innate Abilities, Weirdness & Mutations

You are too large for most types of armour.
You have tough skin (AC +1).
You are dopey. (Int -2)
You are resistant to electric shocks.
Your spells are a little harder to cast, but a little more powerful.


Message History

The arrow barely misses you.
Read which item? (? for menu, Esc to quit)
As you read the scroll labeled WETANTAPYES, it crumbles to dust.
You feel blessed for a moment.
It was a scroll of remove curse.
The centaur shoots an arrow.
The arrow hits you!
* * * LOW HITPOINT WARNING * * *
Read which item? (? for menu, Esc to quit)
As you read the scroll labeled JIKOPT ZUNIV, it crumbles to dust.
You feel forgetful for a moment.
It was a scroll of amnesia.
The centaur shoots an arrow.
The arrow hits you!
* * * LOW HITPOINT WARNING * * *
The centaur shoots an arrow.
The arrow hits you!
* * * LOW HITPOINT WARNING * * *
Drink which item? (? for menu, Esc to quit)
You feel much better.
The centaur shoots an arrow.
The arrow hits you!
* * * LOW HITPOINT WARNING * * *
Drink which item? (? for menu, Esc to quit)
Okay, then.
The centaur shoots an arrow.
The arrow hits you!
You die...

....... .......
...#... ...... #.
...c. ... #..# ....
###).##...%
#@(........
#(............
#............
####.......... .
#.....#..#... ..
#.......###.###...
#.[#......#......#.
###.##...............
##...#.......<...>.>..


You could see a centaur.

Vanquished Creatures
  Eustachio (D:4)
  Edmund (D:5)
  A phantom (D:4)
  4 slaves
  A sky beast (D:5)
  A centaur (D:5)
  The ghost of Japsu the Shooter, an average HuAM (D:3)
  An ogre (D:4)
  2 hounds
  A jelly (D:5)
  2 orc wizards (D:5)
  3 worker ants
  6 adders
  2 worms (D:2)
  9 giant geckos
  10 orcs
  2 ball pythons
  11 bats
  10 goblins
  3 hobgoblins
  6 jackals (D:2)
  8 kobolds
  3 quokkas
  A ball python skeleton (D:4)
  3 giant cockroaches
  2 giant newts
  7 rats
102 creatures vanquished.

Notes
Turn   | Place    | Note
--------------------------------------------------------------
     0 | D:1      | Kusio the Ogre Berserker began the quest for the Orb.
     0 | D:1      | Reached XP level 1. HP: 24/24 MP: 1/1
   103 | D:1      | Reached XP level 2. HP: 22/32 MP: 2/2
   204 | D:1      | Reached skill level 5 in Maces & Flails
   227 | D:1      | You fall through a shaft!
   239 | D:2      | Acquired Trog's second power
   262 | D:2      | Reached XP level 3. HP: 17/39 MP: 3/3
   462 | D:2      | Reached skill level 6 in Maces & Flails
   754 | D:2      | Reached XP level 4. HP: 40/48 MP: 4/4
   948 | D:2      | Found a sacrificial altar of Ru.
  1344 | D:3      | Found a faded altar to an unknown god.
  1367 | D:3      | HP: 2/48 [adder (2)]
  1412 | D:3      | Found an iron altar of Okawaru.
  1422 | D:3      | Noticed Japsu's ghost (average HuAM)
  1677 | D:3      | Killed Japsu's ghost
  1677 | D:3      | Reached skill level 7 in Maces & Flails
  1677 | D:3      | Reached XP level 5. HP: 25/54 MP: 5/5
  1728 | D:3      | Reached skill level 8 in Maces & Flails
  1893 | D:3      | Found an opulent altar of Gozag.
  2122 | D:3      | Found a sacrificial altar of Ru.
  2311 | D:3      | Found a shattered altar of Ashenzari.
  2311 | D:3      | Found a blossoming altar of Fedhas.
  2430 | D:4      | Noticed an ogre
  2445 | D:4      | Killed an ogre
  2445 | D:4      | Reached skill level 9 in Maces & Flails
  2445 | D:4      | Reached XP level 6. HP: 62/62 MP: 6/6
  2471 | D:4      | Found Mashivoc's Jewellery Shop.
  2555 | D:4      | Noticed Eustachio
  2571 | D:4      | Killed Eustachio
  2571 | D:4      | Reached skill level 10 in Maces & Flails
  2571 | D:4      | Reached XP level 7. HP: 70/70 MP: 7/7
  3152 | D:4      | Noticed a phantom
  3168 | D:4      | Killed a phantom
  3260 | D:5      | Entered Level 5 of the Dungeon
  3264 | D:5      | Noticed Pikel
  3782 | D:5      | Reached skill level 11 in Maces & Flails
  4012 | D:5      | Reached XP level 8. HP: 78/78 MP: 8/8
  4029 | D:5      | Gained mutation: Your spells are a little harder to cast, but a little more powerful. [mutagenic meat]
  4030 | D:5      | Gained mutation: You are dopey. (Int -2) [mutagenic meat]
  4031 | D:5      | Gained mutation: You are resistant to electric shocks. [mutagenic meat]
  4071 | D:5      | Reached skill level 12 in Maces & Flails
  4167 | D:5      | Noticed Edmund
  4176 | D:5      | Killed Edmund
  4183 | D:5      | HP: 1/78 [centaur/arrow (9)]
  4185 | D:5      | Shot with an arrow by a centaur

Vault maps used:
D:1:      dpeg_arrival_sounds_slurp
D:2:      first_bread, nicolae_ru_path_of_blood
D:3:      lemuel_coloured_pillars_altar, lemuel_doored_altar,
          gammafunk_temple_overflow_elements, lemuel_crystal_altar,
          ecumenical_altar_2
D:4:      serial_shops, nicolae_shop_temple_entry_statues_fountains,
          roderic_lattice_a, uniq_eustachio
D:5:      tgw_xom, basic_altar, uniq_pikel, uniq_edmund

Action                   |  1- 3 |  4- 6 |  7- 9 || total
-------------------------+-------+-------+-------++-------
Melee: Mace              |    93 |   123 |   143 ||   359
 Fire: Blowgun           |       |     4 |     5 ||     9
Invok: Berserk           |     1 |     3 |     3 ||     7
  Use: Potion            |       |     2 |     3 ||     5
       Scroll            |       |       |     3 ||     3
 Stab: Sleeping          |       |       |     2 ||     2
       Invisible         |       |       |     1 ||     1
  Eat: Chunk             |     1 |     7 |    12 ||    20
